 Dungeon Sprint DCSS version 0.18-a0-1126-ga2d7f46 (webtiles) character file.

1194 pipel the Unseen (level 8, -11/44 HPs)
             Began as a Vine Stalker Assassin on Jan 20, 2016.
             Was an Initiate of Ru.
             Mangled by a manticore (12 damage)
             ... in the Dungeon (Sprint IX: "|||||||||||||||||||||||||||||").
             The game lasted 00:02:21 (140 turns).

pipel the Unseen (Vine Stalker Assassin)             Turns: 140, Time: 00:02:21

Health: -11/44     AC:  4    Str: 14    XL:     8   Next: 43%
Magic:  0/10       EV: 17    Int: 11    God:    Ru [......]
Gold:   0          SH:  0    Dex: 21    Spells: 0 memorised, 7 levels left

rFire  . . .     SeeInvis .     a - +2 rapier (venom)
rCold  . . .     Gourm    .     c - +0 robe
rNeg   . . .     Faith    .     (no shield)
rPois  .         Spirit   +     u - +0 helmet
rElec  .         Dismiss  .     d - +0 cloak
rCorr  .         Reflect  .     (no gloves)
SustAt .         Harm     .     (no boots)
MR     +....     NoTele   +     (no amulet)
Stlth  +++++++...               w - +3 ring of dexterity
                                v - +2 ring of evasion

@: somewhat resistant to hostile enchantments, extremely stealthy
A: fangs 3, regeneration 2, magic shield, antimagic bite, no device heal 3, rot
immunity
a: Sacrifice Skill, Sacrifice an Eye, Sacrifice Courage, Reject Sacrifices,
Renounce Religion


You were in the Dungeon.
You worshipped Ru.
Ru was noncommittal.
You were not hungry.

You visited 1 branch

Inventory:

Hand Weapons
 a - a +2 rapier of venom (weapon)
 b - a +0 blowgun
 s - a +2 dagger
Missiles
 e - 8 poisoned needles
 f - 2 curare-tipped needles
Armour
 c - a +0 robe (worn)
 d - a +0 cloak (worn)
 t - a +0 cloak
 u - a +0 helmet (worn)
Magical Staves
 r - an uncursed staff of energy
Jewellery
 v - a +2 ring of evasion (left hand)
 w - a +3 ring of dexterity (right hand)
Wands
 q - a wand of draining (1/15)
Scrolls
 m - 2 scrolls of blinking
 o - 3 scrolls of remove curse
 p - 2 scrolls of amnesia
Potions
 h - 5 potions of curing
 i - 3 potions of heal wounds
 j - a potion of haste
 k - 4 potions of magic
 l - a potion of invisibility
Comestibles
 g - a bread ration
 n - 2 chunks of flesh


   Skills:
 + Level 5.7 Fighting
 + Level 5.3 Short Blades
 - Level 1.7 Throwing
 + Level 4.2 Dodging
 + Level 18.5 Stealth
 + Level 1.9 Evocations


You had 7 spell levels left.
You didn't know any spells.

Dungeon Overview and Level Annotations

Branches:
Dungeon (1/1)

Altars:
Cheibriados
Dithmenos
Elyvilon
Fedhas
Gozag
Kikubaaqudgha
Makhleb
Nemelex Xobeh
Okawaru
Pakellas
Qazlal
Ru
Sif Muna
Trog
Vehumet
Xom
Yredelemnul
Zin
The Shining One
Beogh
Jiyva
Lugonu


Innate Abilities, Weirdness & Mutations

You have razor-sharp teeth.
You heal very quickly.
When hurt, damage is shared between your health and your magic reserves.
Your bite disrupts and absorbs the magic of your enemies.
Potions and wands cannot restore your health.
You are immune to rotting.


Message History

Ru believes you are ready to make a new sacrifice.
You hit the manticore but do no damage.
The manticore is moderately wounded.
The manticore closely misses you. x2
The manticore claws you.
You take 2 damage, and have 19/44 hp.
You now have 9/10 mp.
You hit the manticore but do no damage.
The manticore is poisoned.
Your bite misses the manticore.
The manticore is moderately wounded.
The manticore barely misses you. The manticore claws you!
The manticore closely misses you.
You take 4 damage, and have 15/44 hp.
You now have 6/10 mp.
Evoke which item? (* to show all) (? for menu, Esc to quit)
Zapping:
q - a wand of draining (2/15)
Press: ? - help, Shift-Dir - straight line, f - manticore
Aim: a manticore (moderately wounded, poisoned, lightly drained)
The bolt of negative energy misses the manticore.
This wand has 1 charge left.
The manticore bites you!!
* * * LOW HITPOINT WARNING * * *
The manticore claws you!
You die...

▓'▓
▓)▓
▓)▓
▓.▓
▓.▓
▓.▓
▓.▓
▓'▓
▓@▓
▓H▓
▓)▓
▓.▓
▓.▓
▓.▓
▓+▓


You could see a manticore.

Vanquished Creatures
  A hill giant (D)
  A vampire mosquito (D)
  An orc warrior (D)
  A sky beast (D)
  2 ogres (D)
  An ice beast (D)
  A centaur (D)
  3 hounds (D)
  A shadow imp (D)
  An orc (D)
  2 bats (D)
  A bat skeleton (D)
  A giant cockroach (D)
  A goblin (D)
  A hobgoblin (D)
  A ball python skeleton (D)
  A kobold (D)
21 creatures vanquished.

Notes
Turn   | Place    | Note
--------------------------------------------------------------
     0 | D        | pipel the Vine Stalker Assassin began the quest for the Orb.
     0 | D        | Reached XP level 1. HP: 11/11 MP: 2/2
     5 | D        | Reached skill level 5 in Stealth
    14 | D        | Reached skill level 6 in Stealth
    28 | D        | Noticed a hound
    28 | D        | Noticed an ogre
    28 | D        | Noticed a hound
    30 | D        | Reached XP level 2. HP: 9/15 MP: 3/3
    32 | D        | Reached skill level 1 in Dodging
    32 | D        | Reached skill level 8 in Stealth
    32 | D        | Reached XP level 3. HP: 11/19 MP: 4/4
    40 | D        | Killed an ogre
    40 | D        | Reached skill level 11 in Stealth
    40 | D        | Reached XP level 4. HP: 16/24 MP: 5/5
    40 | D        | Reached XP level 5. HP: 18/28 MP: 6/6
    43 | D        | Reached skill level 12 in Stealth
    48 | D        | Found a glowing silver altar of Zin.
    48 | D        | Found a glowing golden altar of the Shining One.
    48 | D        | Found an ancient bone altar of Kikubaaqudgha.
    48 | D        | Found a basalt altar of Yredelemnul.
    48 | D        | Found a shimmering altar of Xom.
    48 | D        | Found a radiant altar of Vehumet.
    49 | D        | Found an iron altar of Okawaru.
    50 | D        | Found a burning altar of Makhleb.
    51 | D        | Found a deep blue altar of Sif Muna.
    52 | D        | Found a bloodstained altar of Trog.
    53 | D        | Found a sparkling altar of Nemelex Xobeh.
    54 | D        | Found a white marble altar of Elyvilon.
    55 | D        | Found a roughly hewn altar of Beogh.
    56 | D        | Found a viscous altar of Jiyva.
    57 | D        | Found a corrupted altar of Lugonu.
    58 | D        | Found a blossoming altar of Fedhas.
    59 | D        | Found a snail-covered altar of Cheibriados.
    60 | D        | Found a shadowy altar of Dithmenos.
    61 | D        | Found a stormy altar of Qazlal.
    62 | D        | Found an opulent altar of Gozag.
    63 | D        | Found a sacrificial altar of Ru.
    64 | D        | Found an oddly glowing altar of Pakellas.
    71 | D        | Became a worshipper of Ru the Awakened
   101 | D        | Noticed a centaur
   101 | D        | Noticed an ogre
   101 | D        | Noticed a hill giant
   101 | D        | Noticed an ice beast
   104 | D        | Killed a centaur
   104 | D        | Reached skill level 13 in Stealth
   104 | D        | Gained mutation: You heal very quickly. [Vine Stalker growth]
   104 | D        | Reached XP level 6. HP: 27/33 MP: 7/7
   109 | D        | Reached skill level 14 in Stealth
   111 | D        | Killed a hill giant
   111 | D        | Reached skill level 5 in Fighting
   111 | D        | Reached skill level 17 in Stealth
   111 | D        | Reached skill level 1 in Evocations
   111 | D        | Reached XP level 7. HP: 33/39 MP: 7/9
   116 | D        | Gained mutation: You have razor-sharp teeth. [Vine Stalker growth]
   116 | D        | Reached XP level 8. HP: 39/43 MP: 10/10
   123 | D        | Noticed a manticore
   125 | D        | Reached skill level 5 in Short Blades
   133 | D        | Reached skill level 18 in Stealth
   140 | D        | HP: 1/44 [manticore (14)]
   140 | D        | Mangled by a manticore

Vault maps used:
D:        linesprint

Action                   |  1- 3 |  4- 6 |  7- 9 || total
-------------------------+-------+-------+-------++-------
Melee: Dagger            |    20 |     3 |       ||    23
       Rapier            |       |     6 |    17 ||    23
Evoke: Wand              |       |     3 |     3 ||     6
  Use: Potion            |     1 |       |       ||     1
 Stab: Sleeping          |     3 |       |     1 ||     4
